 Dungeon Crawl Stone Soup version 0.29.1-2-gbd0b4ee654 (webtiles) character file.

Game seed: 14583046237689744725

1898 styxcanada the Covert (level 8, -1/40 HPs)
             Began as a Spriggan Brigand on Nov 2, 2022.
             Shot with an arrow by a centaur (7 damage)
             ... on level 6 of the Dungeon.
             The game lasted 00:24:44 (6461 turns).

styxcanada the Covert (Spriggan Brigand)            Turns: 6461, Time: 00:24:44

Health: -1/40      AC:  5    Str:  7    XL:     8   Next: 93%
Magic:  13/13      EV: 21    Int: 13    God:
Gold:   194        SH:  0    Dex: 18    Spells: 9/12 levels left

rFire   . . .      SeeInvis +   a - +2 dagger
rCold   . . .      Faith    .   (no shield)
rNeg    . . .      Spirit   .   b - +0 robe
rPois   +          Reflect  .   (helmet restricted)
rElec   .          Harm     .   m - +2 cloak {rPois}
rCorr   .          Rampage  .   (gloves unavailable)
Will    +....                   (boots unavailable)
Stlth   +++++++++.              (no amulet)
HPRegen 0.13/turn               t - ring of Shadows {Umbra +Inv Stlth+}
MPRegen 0.13/turn               (no ring)

@: wreathed by umbra, very quick
A: very small, no large weapons, unfitting armour, see invisible, speed 3
a: Evoke Invisibility


You were on level 6 of the Dungeon.
You visited 1 branch of the dungeon, and saw 8 of its levels.

You collected 244 gold pieces.
You spent 50 gold pieces at shops.

Inventory:

Hand Weapons
 a - a +2 dagger (weapon)
 l - a +2 quarterstaff of chaos
 o - a +0 sling
Missiles
 d - 12 poisoned darts (quivered)
 e - a curare-tipped dart
 i - 45 stones
Armour
 b - a +0 robe (worn)
 m - a +2 cloak of poison resistance (worn)
Magical Staves
 k - a staff of fire
Jewellery
 c - a ring of fire
 t - the ring of Shadows (left hand) {Umbra +Inv Stlth+}
   (You found it on level 4 of the Dungeon)

   [ring of stealth]

   It surrounds you with an aura of shadow, increasing your stealth and reducing
   the accuracy of all others within it.
   +Inv:      It lets you turn invisible.
   Stlth:     It makes you more stealthy.
Wands
 x - a wand of charming (5)
 z - a wand of mindburst (11)
 A - a wand of polymorph (7)
Scrolls
 f - 2 scrolls of teleportation
 g - a scroll of enchant weapon {unknown}
 p - 2 scrolls of enchant armour
 y - a scroll of butterflies
Potions
 h - 2 potions of ambrosia
 j - 4 potions of haste
 n - a potion of lignification {unknown}
 q - 2 potions of degeneration {unknown}
 r - 2 potions of heal wounds
 s - a potion of cancellation {unknown}
 u - a potion of resistance {unknown}
 v - 2 potions of brilliance {unknown}
 w - a potion of curing


   Skills:
 + Level 3.4 Fighting
 + Level 4.8 Short Blades
 + Level 3.7 Throwing
 * Level 6.5 Dodging
 * Level 12.2 Stealth
 * Level 2.7 Spellcasting
 * Level 1.6 Summonings
 * Level 3.2 Evocations


You had 9 spell levels left.
You knew the following spells:

 Your Spells              Type           Power      Damage    Failure   Level
a - Call Canine Familiar  Summ           5%         N/A       36%         3

Your spell library contained the following spells:

 Spells                   Type           Power      Damage    Failure   Level
 Sublimation of Blood     Necr           1%         N/A       34%         2
 Wereblood                Tmut           1%         N/A       34%         2
 Ignite Poison            Fire/Tmut/Pois 1%         N/A       56%         3
 Mephitic Cloud           Conj/Pois/Air  1%         N/A       56%         3
 Portal Projectile        Hex/Tloc       2%         N/A       56%         3
 Leda's Liquefaction      Hex/Erth       0%         N/A       93%         4
 Freezing Cloud           Conj/Ice/Air   0%         6-21      100%        5
 Summon Hydra             Summ           2%         N/A       100%        7


Dungeon Overview and Level Annotations

Branches:
Dungeon (8/15)
 Temple: D:4-7         Lair: D:8-11

Altars:
Cheibriados
Dithmenos
Elyvilon
Xom
The Shining One

Shops:
D:4 *   D:5 (

Annotations:
D:6 Edmund


Innate Abilities, Weirdness & Mutations

You are very small and have problems with some larger weapons.
You are too small for most types of armour.
You have supernaturally acute eyesight. (SInv)
You cover ground extremely quickly. (Speed+++)


Message History

Throw: 13 darts (poison)
Press: ? - help, Q - select action, (/) - cycle Shift-Dir - straight line, f/p - iguana
Aim: an iguana (severely wounded, poisoned, umbra, 66% to hit)
You throw a poisoned dart.
The poisoned dart closely misses the iguana.
The poisoned dart hits the adder!
The adder is poisoned.
You hit the iguana.
You kill the iguana!
Aiming: Mindburst
Press: ? - help, Shift-Dir - straight line, f - scorpion
Aim: a scorpion (umbra, chance to affect: 77%)
The scorpion barely resists.
You miss the adder.
The adder is heavily wounded.
The adder misses you.
You hit the adder.
The adder is almost dead.
You kill the adder!
That's the wrong kind of item! (Use * to select it.) Evoke which item? (* to show all) (? for menu, Esc to quit)
Huh?
Evoke which item? (* to show all) (? for menu, Esc to quit)
That's the wrong kind of item! (Use * to select it.) Evoke which item? (* to show all) (? for menu, Esc to quit)
Huh?
Evoke which item? (* to show all) (? for menu, Esc to quit)
Okay, then.
There is an open door here.
You hit the scorpion.
The scorpion is lightly wounded.
You see here 8 gold pieces.
Aiming: Mindburst
Press: ? - help, Shift-Dir - straight line, f/p - scorpion
Aim: a scorpion (umbra, chance to affect: 77%)
The scorpion's mind is blasted.
The centaur shoots an arrow.
The arrow closely misses you.
The centaur shoots an arrow.
The arrow hits you!
* * * LOW HITPOINT WARNING * * *
The arrow freezes you!
You die...

#.............##..
#######........######...
#...........[..####.....
#...................#
#...................#
#..........(.@(...(.#
#.....S#c#######'###....
#........# #.@>.# ...
###......# #..@.## ..
#......#####.....#
#......##....s...#.
####.####............
#####(####.c.....#....
#.....(..#...####......
#........#...# ##.....#
#........##'#...#......
#.....[..†......# ...


You could see Edmund, a centaur and a scorpion.

Vanquished Creatures
  Maurice (D:8)
  Sigmund (D:3)
  2 black bears
  An ogre (D:5)
  2 necrophages (D:5)
  A scorpion (D:5)
  2 killer bees
  4 howler monkeys
  A quasit (D:5)
  A jelly (D:5)
  An orc priest (D:3)
  2 hounds (D:5)
  Crazy Yiuf (D:2)
  6 iguanas
  Natasha (thrice) (D:3)
  5 adders
  4 gnolls
  A shadow imp (D:7)
  2 dart slugs
  9 orcs
  4 ball pythons
  10 endoplasms
  6 giant cockroaches
  4 goblins
  12 hobgoblins
  4 jackals
  4 quokkas
  5 bats
  3 frilled lizards
  2 goblin zombies (D:5)
  2 hobgoblin zombies (D:5)
  10 kobolds
  A kobold skeleton (D:5)
  A kobold zombie (D:5)
  3 orc skeletons (D:5)
  2 orc zombies (D:5)
  7 rats
130 creatures vanquished.

Vanquished Creatures (collateral kills)
  A killer bee (D:7)
1 creature vanquished.

Vanquished Creatures (others)
  A water moccasin (D:5)
  A killer bee (D:7)
2 creatures vanquished.

Grand Total: 133 creatures vanquished

Notes
Turn   | Place    | Note
-------+----------+-------------------------------------------
     0 | D:1      | styxcanada the Spriggan Brigand began the quest for the
                  | Orb.
     0 | D:1      | Reached XP level 1. HP: 10/10 MP: 2/2
    70 | D:1      | Reached skill level 6 in Stealth
   443 | D:1      | Reached XP level 2. HP: 15/15 MP: 3/3
   576 | D:1      | Found a faded altar of an unknown god.
  1035 | D:1      | Reached skill level 7 in Stealth
  1035 | D:1      | Reached XP level 3. HP: 18/18 MP: 4/4
  1668 | D:2      | Found a shadowy altar of Dithmenos.
  1711 | D:2      | Found a runed translucent door.
  1712 | D:2      | Noticed Crazy Yiuf
  1719 | D:2      | Killed Crazy Yiuf
  1720 | D:2      | Reached XP level 4. HP: 23/23 MP: 5/5
  2066 | D:3      | Reached skill level 8 in Stealth
  2091 | D:3      | Noticed Natasha
  2101 | D:3      | Killed Natasha
  2102 | D:3      | Reached XP level 5. HP: 12/26 MP: 6/6
  2379 | D:3      | Found a snail-covered altar of Cheibriados.
  2431 | D:3      | Noticed Sigmund
  2462 | D:3      | Killed Sigmund
  2463 | D:3      | Reached skill level 9 in Stealth
  2463 | D:3      | Reached XP level 6. HP: 8/32 MP: 7/7
  2823 | D:3      | Noticed Natasha
  2837 | D:3      | Killed Natasha
  2911 | D:3      | Noticed Natasha
  2920 | D:3      | Killed Natasha
  3036 | D:3      | Found a white marble altar of Elyvilon.
  3124 | D:3      | Found a shimmering altar of Xom.
  3321 | D:4      | Found the ring of Shadows {Umbra +Inv Stlth+}
  3327 | D:4      | Found Horghafe's General Store.
  3371 | D:4      | Bought a potion of heal wounds for 50 gold pieces
  3487 | D:4      | Reached XP level 7. HP: 19/35 MP: 8/8
  4025 | D:5      | Entered Level 5 of the Dungeon
  4027 | D:5      | Reached skill level 10 in Stealth
  4125 | D:5      | Found a glowing golden altar of the Shining One.
  4351 | D:5      | Reached skill level 11 in Stealth
  4649 | D:4      | Learned a level 3 spell: Call Canine Familiar
  4722 | D:5      | You fall into a shaft and drop 3 floors!
  4725 | D:8      | Noticed Maurice
  4733 | D:8      | Killed Maurice
  4734 | D:8      | Reached skill level 5 in Dodging
  4734 | D:8      | Reached skill level 1 in Spellcasting
  4734 | D:8      | Reached skill level 1 in Evocations
  4734 | D:8      | Reached XP level 8. HP: 40/40 MP: 8/10
  4921 | D:7      | Reached skill level 1 in Summonings
  5167 | D:5      | HP: 2/40 [iguana (5)]
  5722 | D:5      | Found Akiwkir's Antique Weapon Boutique.
  5914 | D:5      | Reached skill level 12 in Stealth
  5927 | D:5      | Identified the +3 battleaxe "Wangaat" {vorpal, SInv}
  6411 | D:6      | Noticed Edmund
  6461 | D:6      | Shot with an arrow by a centaur

Illustrated notes

Levels and vault maps discovered:
D:1:      minmay_arrival_cross, layout_rooms, ebering_ecumenical_altar_petrified
D:2:      layout_rooms, basic_altar, uniq_crazy_yiuf_cottage
D:3:      layout_rooms, marbit_many_paths, nicolae_elyvilon_peaceful_grove,
          kennysheep_slug_shrine, uniq_natasha, uniq_sigmund
D:4:      layout_basic, serial_shops, shop
D:5:      layout_cave_pods, nicolae_tso_besieged_by_evil, serial_shops, shop,
          st_stairs_4
D:6:      layout_basic, nicolae_overflow_crystal_walls,
          minmay_fractal_squares_5, uniq_eustachio, uniq_edmund
D:7:      layout_rooms, old_standard_altar, minmay_temple_entry_mini_moons
D:8:      layout_basic, grunt_temple_overflow_lords_of_destruction,
          nicolae_dithmenos_through_a_glass_darkly,
          grunt_lair_entry_orc_guard_hut, uniq_maurice

Skill      XL: |  1  2  3  4  5  6  7  8 |
---------------+-------------------------+-----
Stealth        | 6 7 8 9 11 12 | 12.2
Fighting       | 2 3 |  3.4
Dodging        | 2 3 5 6 |  6.5
Short Blades   | 3 4 |  4.8
Throwing       | 3 |  3.7
Spellcasting   | 1 2 |  2.7
Evocations     | 1 3 |  3.2
Summonings     | 1 |  1.6

Action                   |  1- 3 |  4- 6 |  7- 9 || total
-------------------------+-------+-------+-------++-------
Melee: Dagger            |   100 |   137 |   254 ||   491
       Punch             |       |       |     3 ||     3
 Fire: Sling             |       |       |     1 ||     1
Throw: Dart              |     5 |    29 |    29 ||    63
Evoke: Wand              |       |       |     9 ||     9
  Use: Scroll            |     5 |     1 |     4 ||    10
       Potion            |       |       |     1 ||     1
 Stab: Sleeping          |    11 |    11 |    17 ||    39
       Distracted        |       |     2 |     2 ||     4
Armor: Robe              |    11 |    13 |    27 ||    51
Dodge: Dodged            |    52 |    96 |   246 ||   394
